Connexion

LAS VEGAS Golden Knights vs COLORADO Avalanche

Created - 31 janvier 2024 at 05:49

Goals
1 2 3 T
LAS VEGAS Golden Knights 0 1 0 1
COLORADO Avalanche 0 0 0 0
Shots
1 2 3 T
LAS VEGAS Golden Knights 7 12 6 25
COLORADO Avalanche 15 8 16 39

GoalsPenalties
1st period
No Goal
Nikita Zaitsev (L-V) for Diving (Minor) at 2:59
Luke Kunin (L-V) for High sticking (Minor) at 6:13
Kirill Marchenko (L-V) for Slashing (Minor) at 14:58
2nd period
1. LAS VEGAS Golden Knights , Nick Seeler 4 (Ryan Nugent-Hopkins 32, Pavel Zacha 25) at 17:15 (PP)
Jeff Petry (COL) for Boarding (Minor) at 4:43
Brenden Dillon (COL) for Delaying the game (Minor) at 10:43
Maxime Comtois (COL) for Roughing (Minor) at 16:55
3rd period
No Goal
Nick Seeler (L-V) for Holding (Minor) at 4:42
Nikita Tryamkin (COL) for Tripping (Minor) at 11:40
Luke Kunin (L-V) for Holding (Minor) at 11:40
Goalie Stats
Ilya Sorokin (L-V), 39 saves from 39 shots - (1,000), W, 24-19-6, 60:00 minutes
Braden Holtby (COL), 24 saves from 25 shots - (0,960), L, 27-26-3, 59:24 minutes
3 StarsOfficial
1 - Ilya Sorokin (L-V)
2 - Braden Holtby (COL)
3 - Nick Seeler (L-V)
Referees : Dan O'Rourke and Dennis LaRue
Linesman : Mike Cvik and Lonnie Cameron
Game Note
No Game Note
Finance
Level 1 -- Attendance: 6000 (100,00%) -- Ticket Income $600,000
Level 2 -- Attendance: 5007 (100,00%) -- Ticket Income $400,560
Level 3 -- Attendance: 1302 (65,10%) -- Ticket Income $91,140
Level 4 -- Attendance: 3394 (84,85%) -- Ticket Income $135,760
Luxury Box -- Attendance: 465 (46,50%) -- Ticket Income $232,500
Game was played at the Pepsi Center.
Total Attendance: 16168 (89,79%)
Total Ticket Income: $1,459,960
Other Income: $291,992
Total Income: $1,751,952



Team Name Goals Shots Shots Attemp Shots Blocked PIM HIT PP PK FO%
LAS VEGAS Golden Knights 125491110211 / 3 (33%)036%
COLORADO Avalanche 0398588230 / 4 (0%)164%

LAS VEGAS Golden Knights
Player Name POS G A P +/- PIM HIT SHT SB MP PP MP PP SHT PK MP PK SHT FO% FOT
Alex GalchenyukC/LW0000030015:361:2800:5100% 0
Alex KerfootC/LW0000002020:431:2805:11034% 29
Artem AnisimovC/LW0000001011:300:0000:00027% 11
Brady SkjeiD0000010117:590:0003:3700% 0
Cole CaufieldRW000000109:460:0000:0000% 0
Filip HronekD0000002319:011:2822:1000% 0
J.T. MillerC/LW/RW0000025024:462:5004:59233% 3
Jakub ZborilD0000030216:450:0003:2500% 0
Joona KoppanenC/LW000000006:010:0000:0000% 0
Keegan KolesarRW000003006:010:0000:0000% 0
Kirill MarchenkoRW000020109:450:0000:000100% 1
Luke KuninC/RW0000431017:351:2802:09050% 2
Nick SeelerD1010233121:133:2313:1300% 0
Nikita ZaitsevD0000230125:542:5003:2100% 0
Pavel ZachaC/LW0110004022:302:5002:4200% 2
Philip KurashevC/LW/RW000000016:010:0000:0000% 6
Ryan Nugent-HopkinsC/LW0110004019:482:5010:00050% 26
Vladislav GavrikovD0000001219:060:5500:0600% 0
COLORADO Avalanche
Player Name POS G A P +/- PIM HIT SHT SB MP PP MP PP SHT PK MP PK SHT FO% FOT
Adam RuzickaC000001002:300:0000:000100% 2
Alexander WennbergC0000013021:313:1121:03077% 13
Anthony ManthaLW/RW0000064020:034:4500:000100% 3
Anze KopitarC0000011017:170:0000:000100% 3
Artemi PanarinLW0000015022:353:1111:030100% 1
Brenden DillonD0000231018:323:3801:3700% 0
Christian DjoosD0000000015:020:0000:0000% 0
Claude GirouxC/LW/RW0000016025:054:4523:15161% 23
Glenn GawdinC/LW000000001:170:0000:0000% 0
Jeff Petry D0000230425:324:1802:0500% 0
Johnny GaudreauLW0000024026:054:4503:15054% 13
Martin FrkRW0000006014:053:1100:0000% 2
Maxime ComtoisLW0000220011:070:0000:000100% 2
Nikita TryamkinD0000210114:170:0002:0000% 0
Noah DobsonD0000011223:234:1810:5600% 0
Oliver KylingtonD0000004122:543:3821:5800% 0
Philip TomasinoC0000004012:070:0000:00050% 18
Sebastien ReppoRW000000000:170:0000:0000% 0



Play-by-Play

1st period


0:01 of 1st period - Claude Giroux wins face-off versus Ryan Nugent-Hopkins in neutral zone.
0:29 of 1st period - Pavel Zacha is hit by Jeff Petry and loses puck.
1:19 of 1st period - Artemi Panarin is hit by Nick Seeler.
1:35 of 1st period - Shot by Alexander Wennberg.
1:35 of 1st period - Shot Misses the Net.
1:37 of 1st period - Shot by Alexander Wennberg.
1:37 of 1st period - Deflect By Artemi Panarin.
1:37 of 1st period - Shot Blocked by Filip Hronek.
1:39 of 1st period - Shot by Alexander Wennberg.
1:39 of 1st period - Shot Misses the Net.
1:48 of 1st period - Shot by Christian Djoos.
1:48 of 1st period - Shot Misses the Net.
1:50 of 1st period - Shot by Alexander Wennberg.
1:50 of 1st period - Deflect By Artemi Panarin.
1:50 of 1st period - Stopped by Ilya Sorokin without a rebound.
1:51 of 1st period - Philip Tomasino wins face-off versus Artem Anisimov in LAS VEGAS Golden Knights zone.
2:00 of 1st period - Shot by Philip Tomasino.
2:00 of 1st period - Shot Misses the Net.
2:10 of 1st period - Shot by Maxime Comtois.
2:10 of 1st period - Shot Misses the Net.
2:33 of 1st period - Shot by Martin Frk.
2:33 of 1st period - Stopped by Ilya Sorokin without a rebound.
2:34 of 1st period - Adam Ruzicka wins face-off versus Philip Kurashev in LAS VEGAS Golden Knights zone.
2:34 of 1st period - Adam Ruzicka is hit by Nikita Zaitsev.
2:42 of 1st period - Shot by Johnny Gaudreau.
2:42 of 1st period - Shot Misses the Net.
2:48 of 1st period - Shot by Johnny Gaudreau.
2:48 of 1st period - Shot Misses the Net.
2:59 of 1st period - Minor Penalty to Nikita Zaitsev for Diving.
3:00 of 1st period - Alexander Wennberg wins face-off versus Alex Kerfoot in LAS VEGAS Golden Knights zone.
4:28 of 1st period - Filip Hronek is hit by Anthony Mantha.
5:10 of 1st period - Icing by Nikita Zaitsev.
5:11 of 1st period - Philip Tomasino wins face-off versus Artem Anisimov in LAS VEGAS Golden Knights zone.
5:22 of 1st period - Shot by Cole Caufield.
5:22 of 1st period - Stopped by Braden Holtby with a rebound.
5:24 of 1st period - Shot by Vladislav Gavrikov.
5:24 of 1st period - Stopped by Braden Holtby without a rebound.
5:25 of 1st period - Alexander Wennberg wins face-off versus Philip Kurashev in COLORADO Avalanche zone.
5:25 of 1st period - Alexander Wennberg is hit by Keegan Kolesar.
5:30 of 1st period - Alexander Wennberg is hit by Keegan Kolesar and loses puck.
5:56 of 1st period - Shot by Oliver Kylington.
5:56 of 1st period - Stopped by Ilya Sorokin without a rebound.
5:57 of 1st period - Ryan Nugent-Hopkins wins face-off versus Claude Giroux in LAS VEGAS Golden Knights zone.
6:04 of 1st period - Shot by Ryan Nugent-Hopkins.
6:04 of 1st period - Shot Blocked by Nikita Tryamkin.
6:08 of 1st period - Shot by Ryan Nugent-Hopkins.
6:08 of 1st period - Deflect By J.T. Miller.
6:08 of 1st period - Stopped by Braden Holtby without a rebound.
6:09 of 1st period - Philip Tomasino wins face-off versus Alex Kerfoot in COLORADO Avalanche zone.
6:13 of 1st period - Minor Penalty to Luke Kunin for High sticking.
6:14 of 1st period - Alex Kerfoot wins face-off versus Claude Giroux in LAS VEGAS Golden Knights zone.
6:14 of 1st period - J.T. Miller is hit by Anthony Mantha and loses puck.
6:33 of 1st period - Shot by Anthony Mantha.
6:33 of 1st period - Shot Misses the Net.
6:46 of 1st period - Shot by J.T. Miller.
6:46 of 1st period - Stopped by Braden Holtby with a rebound.
6:50 of 1st period - Shot by Alex Kerfoot.
6:50 of 1st period - Deflect By J.T. Miller.
6:50 of 1st period - Stopped by Braden Holtby without a rebound.
6:51 of 1st period - Alexander Wennberg wins face-off versus Pavel Zacha in COLORADO Avalanche zone.
7:15 of 1st period - Shot by Brenden Dillon.
7:15 of 1st period - Shot Misses the Net.
7:17 of 1st period - Shot by Oliver Kylington.
7:17 of 1st period - Shot Hit the Post.
7:19 of 1st period - Shot by Alexander Wennberg.
7:19 of 1st period - Stopped by Ilya Sorokin without a rebound.
7:20 of 1st period - Alex Kerfoot wins face-off versus Claude Giroux in LAS VEGAS Golden Knights zone.
7:20 of 1st period - Alex Kerfoot is hit by Anthony Mantha.
7:36 of 1st period - Shot by Claude Giroux.
7:36 of 1st period - Stopped by Ilya Sorokin without a rebound.
7:37 of 1st period - Artemi Panarin wins face-off versus Alex Kerfoot in LAS VEGAS Golden Knights zone.
7:38 of 1st period - Shot by Alexander Wennberg.
7:38 of 1st period - Stopped by Ilya Sorokin without a rebound.
7:39 of 1st period - Claude Giroux wins face-off versus Alex Kerfoot in LAS VEGAS Golden Knights zone.
7:40 of 1st period - Shot by Anthony Mantha.
7:40 of 1st period - Deflect By Claude Giroux.
7:40 of 1st period - Shot Misses the Net.
7:42 of 1st period - Shot by Jeff Petry .
7:42 of 1st period - Shot Misses the Net.
7:44 of 1st period - Shot by Jeff Petry .
7:44 of 1st period - Shot Misses the Net.
8:22 of 1st period - Shot by Artemi Panarin.
8:22 of 1st period - Shot Misses the Net.
8:24 of 1st period - Shot by Anze Kopitar.
8:24 of 1st period - Stopped by Ilya Sorokin without a rebound.
8:25 of 1st period - Philip Tomasino wins face-off versus Philip Kurashev in LAS VEGAS Golden Knights zone.
10:37 of 1st period - Shot by Artemi Panarin.
10:37 of 1st period - Shot Blocked by Jakub Zboril.
10:41 of 1st period - Shot by Alexander Wennberg.
10:41 of 1st period - Shot Misses the Net.
10:43 of 1st period - Shot by Anze Kopitar.
10:43 of 1st period - Shot Misses the Net.
11:04 of 1st period - Shot by Philip Tomasino.
11:04 of 1st period - Shot Misses the Net.
11:06 of 1st period - Shot by Philip Tomasino.
11:06 of 1st period - Shot Blocked by Jakub Zboril.
11:32 of 1st period - Shot by Martin Frk.
11:32 of 1st period - Stopped by Ilya Sorokin without a rebound.
11:33 of 1st period - Anthony Mantha wins face-off versus Artem Anisimov in LAS VEGAS Golden Knights zone.
11:33 of 1st period - Jeff Petry is hit by Nikita Zaitsev.
11:37 of 1st period - Shot by Johnny Gaudreau.
11:37 of 1st period - Shot Blocked by Nikita Zaitsev.
11:40 of 1st period - Icing by Vladislav Gavrikov.
11:41 of 1st period - Anthony Mantha wins face-off versus Artem Anisimov in LAS VEGAS Golden Knights zone.
11:44 of 1st period - Shot by Claude Giroux.
11:44 of 1st period - Deflect By Anthony Mantha.
11:44 of 1st period - Stopped by Ilya Sorokin without a rebound.
11:45 of 1st period - Claude Giroux wins face-off versus Artem Anisimov in LAS VEGAS Golden Knights zone.
11:52 of 1st period - Shot by Anthony Mantha.
11:52 of 1st period - Stopped by Ilya Sorokin without a rebound.
11:53 of 1st period - Anthony Mantha wins face-off versus Ryan Nugent-Hopkins in LAS VEGAS Golden Knights zone.
12:00 of 1st period - Shot by Anthony Mantha.
12:00 of 1st period - Shot Misses the Net.
12:18 of 1st period - J.T. Miller is hit by Johnny Gaudreau and loses puck.
12:41 of 1st period - Anthony Mantha is hit by J.T. Miller and loses puck.
14:02 of 1st period - Shot by Alexander Wennberg.
14:02 of 1st period - Shot Misses the Net.
14:16 of 1st period - Shot by Kirill Marchenko.
14:16 of 1st period - Shot Misses the Net.
14:20 of 1st period - Shot by Kirill Marchenko.
14:20 of 1st period - Stopped by Braden Holtby without a rebound.
14:21 of 1st period - Ryan Nugent-Hopkins wins face-off versus Philip Tomasino in COLORADO Avalanche zone.
14:21 of 1st period - Ryan Nugent-Hopkins is hit by Brenden Dillon.
14:25 of 1st period - Shot by Ryan Nugent-Hopkins.
14:25 of 1st period - Stopped by Braden Holtby with a rebound.
14:51 of 1st period - Icing by Martin Frk.
14:52 of 1st period - Philip Tomasino wins face-off versus Artem Anisimov in COLORADO Avalanche zone.
14:58 of 1st period - Minor Penalty to Kirill Marchenko for Slashing.
14:59 of 1st period - Alex Kerfoot wins face-off versus Claude Giroux in LAS VEGAS Golden Knights zone.
14:59 of 1st period - Alex Kerfoot is hit by Johnny Gaudreau.
15:06 of 1st period - Icing by Claude Giroux.
15:07 of 1st period - Claude Giroux wins face-off versus Alex Kerfoot in COLORADO Avalanche zone.
15:44 of 1st period - Shot by Claude Giroux.
15:44 of 1st period - Stopped by Ilya Sorokin with a rebound.
15:57 of 1st period - Icing by Oliver Kylington.
15:58 of 1st period - Alexander Wennberg wins face-off versus Alex Kerfoot in COLORADO Avalanche zone.
16:11 of 1st period - Shot by Oliver Kylington.
16:11 of 1st period - Stopped by Ilya Sorokin without a rebound.
16:12 of 1st period - Alexander Wennberg wins face-off versus Alex Kerfoot in LAS VEGAS Golden Knights zone.
16:27 of 1st period - Shot by Artemi Panarin.
16:27 of 1st period - Stopped by Ilya Sorokin without a rebound.
16:28 of 1st period - Claude Giroux wins face-off versus Pavel Zacha in LAS VEGAS Golden Knights zone.
17:09 of 1st period - Shot by Keegan Kolesar.
17:09 of 1st period - Shot Misses the Net.
17:23 of 1st period - Alexander Wennberg is hit by Keegan Kolesar and loses puck.
18:06 of 1st period - Icing by Anze Kopitar.
18:07 of 1st period - Ryan Nugent-Hopkins wins face-off versus Alexander Wennberg in COLORADO Avalanche zone.
18:37 of 1st period - Shot by Claude Giroux.
18:37 of 1st period - Deflect By Johnny Gaudreau.
18:37 of 1st period - Stopped by Ilya Sorokin without a rebound.
18:38 of 1st period - Alex Kerfoot wins face-off versus Philip Tomasino in LAS VEGAS Golden Knights zone.
18:58 of 1st period - Icing by Noah Dobson.
18:59 of 1st period - Ryan Nugent-Hopkins wins face-off versus Philip Tomasino in COLORADO Avalanche zone.
19:22 of 1st period - Shot by Christian Djoos.
19:22 of 1st period - Shot Misses the Net.
19:26 of 1st period - Shot by Philip Tomasino.
19:26 of 1st period - Stopped by Ilya Sorokin without a rebound.
19:27 of 1st period - Alex Kerfoot wins face-off versus Johnny Gaudreau in LAS VEGAS Golden Knights zone.
Goals for this period are 0 for LAS VEGAS Golden Knights vs 0 for COLORADO Avalanche .
Shots for this period are 7 for LAS VEGAS Golden Knights vs 15 for COLORADO Avalanche .

2nd period


0:01 of 2nd period - Ryan Nugent-Hopkins wins face-off versus Johnny Gaudreau in neutral zone.
0:36 of 2nd period - Shot by Johnny Gaudreau.
0:36 of 2nd period - Shot Blocked by Vladislav Gavrikov.
1:08 of 2nd period - Christian Djoos is hit by Alex Galchenyuk and loses puck.
1:17 of 2nd period - Shot by Nick Seeler.
1:17 of 2nd period - Stopped by Braden Holtby without a rebound.
1:18 of 2nd period - Artem Anisimov wins face-off versus Philip Tomasino in COLORADO Avalanche zone.
1:38 of 2nd period - Icing by Philip Tomasino.
1:39 of 2nd period - Alex Kerfoot wins face-off versus Martin Frk in COLORADO Avalanche zone.
1:49 of 2nd period - Martin Frk is hit by Nick Seeler and loses puck.
1:58 of 2nd period - Shot by Philip Tomasino.
1:58 of 2nd period - Deflect By Martin Frk.
1:58 of 2nd period - Stopped by Ilya Sorokin with a rebound.
2:02 of 2nd period - Shot by Martin Frk.
2:02 of 2nd period - Stopped by Ilya Sorokin without a rebound.
2:03 of 2nd period - Ryan Nugent-Hopkins wins face-off versus Claude Giroux in LAS VEGAS Golden Knights zone.
2:22 of 2nd period - Shot by J.T. Miller.
2:22 of 2nd period - Shot Blocked by Jeff Petry .
2:42 of 2nd period - Shot by Pavel Zacha.
2:42 of 2nd period - Stopped by Braden Holtby with a rebound.
2:44 of 2nd period - Shot by J.T. Miller.
2:44 of 2nd period - Shot Misses the Net.
2:46 of 2nd period - Shot by Ryan Nugent-Hopkins.
2:46 of 2nd period - Shot Blocked by Jeff Petry .
2:48 of 2nd period - Shot by J.T. Miller.
2:48 of 2nd period - Shot Blocked by Jeff Petry .
3:02 of 2nd period - Icing by Alex Kerfoot.
3:03 of 2nd period - Alexander Wennberg wins face-off versus Alex Kerfoot in LAS VEGAS Golden Knights zone.
3:06 of 2nd period - Shot by Artemi Panarin.
3:06 of 2nd period - Shot Misses the Net.
3:10 of 2nd period - Shot by Artemi Panarin.
3:10 of 2nd period - Deflect By Alexander Wennberg.
3:10 of 2nd period - Shot Misses the Net.
3:20 of 2nd period - Shot by Artemi Panarin.
3:20 of 2nd period - Stopped by Ilya Sorokin without a rebound.
3:21 of 2nd period - Philip Tomasino wins face-off versus Artem Anisimov in LAS VEGAS Golden Knights zone.
3:21 of 2nd period - Philip Tomasino is hit by Brady Skjei.
3:25 of 2nd period - Shot by Philip Tomasino.
3:25 of 2nd period - Shot Misses the Net.
3:58 of 2nd period - Artem Anisimov is hit by Brenden Dillon and loses puck.
4:28 of 2nd period - Off-side.
4:29 of 2nd period - Alex Kerfoot wins face-off versus Claude Giroux in neutral zone.
4:42 of 2nd period - Shot by Alex Kerfoot.
4:42 of 2nd period - Shot Blocked by Oliver Kylington.
4:43 of 2nd period - Minor Penalty to Jeff Petry for Boarding.
4:44 of 2nd period - Johnny Gaudreau wins face-off versus Ryan Nugent-Hopkins in COLORADO Avalanche zone.
4:56 of 2nd period - Icing by Nick Seeler.
4:57 of 2nd period - Ryan Nugent-Hopkins wins face-off versus Johnny Gaudreau in LAS VEGAS Golden Knights zone.
4:57 of 2nd period - Ryan Nugent-Hopkins is hit by Brenden Dillon.
5:00 of 2nd period - Icing by Nick Seeler.
5:01 of 2nd period - Johnny Gaudreau wins face-off versus Ryan Nugent-Hopkins in LAS VEGAS Golden Knights zone.
5:33 of 2nd period - Icing by Nikita Zaitsev.
5:34 of 2nd period - J.T. Miller wins face-off versus Johnny Gaudreau in LAS VEGAS Golden Knights zone.
5:39 of 2nd period - Shot by Nick Seeler.
5:39 of 2nd period - Shot Misses the Net.
5:41 of 2nd period - Shot by Pavel Zacha.
5:41 of 2nd period - Deflect By Ryan Nugent-Hopkins.
5:41 of 2nd period - Stopped by Braden Holtby without a rebound.
5:42 of 2nd period - Johnny Gaudreau wins face-off versus Alex Kerfoot in COLORADO Avalanche zone.
5:55 of 2nd period - Shot by Claude Giroux.
5:55 of 2nd period - Stopped by Ilya Sorokin with a rebound.
7:05 of 2nd period - Shot by Artem Anisimov.
7:05 of 2nd period - Stopped by Braden Holtby without a rebound.
7:06 of 2nd period - Ryan Nugent-Hopkins wins face-off versus Alexander Wennberg in COLORADO Avalanche zone.
7:32 of 2nd period - Shot by J.T. Miller.
7:32 of 2nd period - Shot Hit the Post.
7:38 of 2nd period - Shot by J.T. Miller.
7:38 of 2nd period - Shot Misses the Net.
7:52 of 2nd period - Icing by Nikita Zaitsev.
7:53 of 2nd period - Claude Giroux wins face-off versus Ryan Nugent-Hopkins in LAS VEGAS Golden Knights zone.
8:02 of 2nd period - Icing by Christian Djoos.
8:03 of 2nd period - Claude Giroux wins face-off versus Luke Kunin in COLORADO Avalanche zone.
8:03 of 2nd period - Claude Giroux is hit by Luke Kunin.
8:10 of 2nd period - Noah Dobson is hit by Luke Kunin and loses puck.
8:15 of 2nd period - Alex Kerfoot is hit by Anthony Mantha.
8:23 of 2nd period - Shot by Johnny Gaudreau.
8:23 of 2nd period - Shot Blocked by Filip Hronek.
8:35 of 2nd period - Shot by Claude Giroux.
8:35 of 2nd period - Stopped by Ilya Sorokin without a rebound.
8:36 of 2nd period - Artem Anisimov wins face-off versus Alexander Wennberg in LAS VEGAS Golden Knights zone.
9:00 of 2nd period - Shot by Artemi Panarin.
9:00 of 2nd period - Shot Misses the Net.
9:56 of 2nd period - Shot by J.T. Miller.
9:56 of 2nd period - Shot Misses the Net.
10:04 of 2nd period - Shot by J.T. Miller.
10:04 of 2nd period - Shot Blocked by Noah Dobson.
10:14 of 2nd period - Shot by Pavel Zacha.
10:14 of 2nd period - Deflect By J.T. Miller.
10:14 of 2nd period - Stopped by Braden Holtby without a rebound.
10:15 of 2nd period - Maxime Comtois wins face-off versus Alex Kerfoot in COLORADO Avalanche zone.
10:43 of 2nd period - Minor Penalty to Brenden Dillon for Delaying the game.
10:44 of 2nd period - Johnny Gaudreau wins face-off versus Ryan Nugent-Hopkins in COLORADO Avalanche zone.
11:18 of 2nd period - J.T. Miller is hit by Jeff Petry and loses puck.
11:46 of 2nd period - Shot by Filip Hronek.
11:46 of 2nd period - Stopped by Braden Holtby without a rebound.
11:47 of 2nd period - Johnny Gaudreau wins face-off versus Alex Kerfoot in COLORADO Avalanche zone.
11:56 of 2nd period - Shot by Filip Hronek.
11:56 of 2nd period - Stopped by Braden Holtby without a rebound.
11:57 of 2nd period - Johnny Gaudreau wins face-off versus Ryan Nugent-Hopkins in COLORADO Avalanche zone.
13:38 of 2nd period - Shot by Alex Galchenyuk.
13:38 of 2nd period - Deflect By Luke Kunin.
13:38 of 2nd period - Shot Blocked by Noah Dobson.
14:54 of 2nd period - Shot by J.T. Miller.
14:54 of 2nd period - Stopped by Braden Holtby with a rebound.
14:56 of 2nd period - Shot by Filip Hronek.
14:56 of 2nd period - Shot Misses the Net.
15:48 of 2nd period - Icing by Noah Dobson.
15:49 of 2nd period - Anze Kopitar wins face-off versus Alex Kerfoot in COLORADO Avalanche zone.
16:23 of 2nd period - Shot by Alex Kerfoot.
16:23 of 2nd period - Shot Misses the Net.
16:25 of 2nd period - Shot by Alex Kerfoot.
16:25 of 2nd period - Stopped by Braden Holtby with a rebound.
16:27 of 2nd period - Shot by Luke Kunin.
16:27 of 2nd period - Stopped by Braden Holtby without a rebound.
16:28 of 2nd period - Ryan Nugent-Hopkins wins face-off versus Philip Tomasino in COLORADO Avalanche zone.
16:35 of 2nd period - Shot by Ryan Nugent-Hopkins.
16:35 of 2nd period - Stopped by Braden Holtby without a rebound.
16:36 of 2nd period - Ryan Nugent-Hopkins wins face-off versus Johnny Gaudreau in COLORADO Avalanche zone.
16:43 of 2nd period - Shot by Ryan Nugent-Hopkins.
16:43 of 2nd period - Shot Misses the Net.
16:53 of 2nd period - Shot by Johnny Gaudreau.
16:53 of 2nd period - Stopped by Ilya Sorokin without a rebound.
16:54 of 2nd period - Alex Kerfoot wins face-off versus Martin Frk in LAS VEGAS Golden Knights zone.
16:54 of 2nd period - Filip Hronek is hit by Maxime Comtois and loses puck.
16:55 of 2nd period - Minor Penalty to Maxime Comtois for Roughing.
16:56 of 2nd period - Ryan Nugent-Hopkins wins face-off versus Johnny Gaudreau in COLORADO Avalanche zone.
17:13 of 2nd period - Shot by Ryan Nugent-Hopkins.
17:13 of 2nd period - Shot Misses the Net.
17:15 of 2nd period - Shot by Nick Seeler.
17:15 of 2nd period - Goal by Nick Seeler - LAS VEGAS Golden Knights : 1 - COLORADO Avalanche : 0.
17:16 of 2nd period - Maxime Comtois wins face-off versus Alex Kerfoot in neutral zone.
17:38 of 2nd period - Philip Tomasino is hit by Alex Galchenyuk and loses puck.
18:54 of 2nd period - Shot by Claude Giroux.
18:54 of 2nd period - Stopped by Ilya Sorokin with a rebound.
18:58 of 2nd period - Shot by Anthony Mantha.
18:58 of 2nd period - Stopped by Ilya Sorokin with a rebound.
Goals for this period are 1 for LAS VEGAS Golden Knights vs 0 for COLORADO Avalanche .
Shots for this period are 12 for LAS VEGAS Golden Knights vs 8 for COLORADO Avalanche .

3rd period


0:01 of 3rd period - Ryan Nugent-Hopkins wins face-off versus Claude Giroux in neutral zone.
0:52 of 3rd period - Icing by Oliver Kylington.
0:53 of 3rd period - Alex Kerfoot wins face-off versus Claude Giroux in COLORADO Avalanche zone.
1:14 of 3rd period - Shot by Alex Galchenyuk.
1:14 of 3rd period - Shot Misses the Net.
1:16 of 3rd period - Shot by Alex Galchenyuk.
1:16 of 3rd period - Shot Blocked by Jeff Petry .
1:18 of 3rd period - Shot by Alex Kerfoot.
1:18 of 3rd period - Shot Misses the Net.
1:38 of 3rd period - Alex Kerfoot is hit by Anthony Mantha and loses puck.
2:20 of 3rd period - Icing by Christian Djoos.
2:21 of 3rd period - Alexander Wennberg wins face-off versus Ryan Nugent-Hopkins in COLORADO Avalanche zone.
2:42 of 3rd period - Shot by Alexander Wennberg.
2:42 of 3rd period - Deflect By Artemi Panarin.
2:42 of 3rd period - Stopped by Ilya Sorokin without a rebound.
2:43 of 3rd period - Philip Tomasino wins face-off versus Philip Kurashev in LAS VEGAS Golden Knights zone.
2:44 of 3rd period - Shot by Martin Frk.
2:44 of 3rd period - Stopped by Ilya Sorokin without a rebound.
2:45 of 3rd period - Artem Anisimov wins face-off versus Philip Tomasino in LAS VEGAS Golden Knights zone.
2:53 of 3rd period - Cole Caufield is hit by Nikita Tryamkin and loses puck.
3:06 of 3rd period - Shot by Martin Frk.
3:06 of 3rd period - Shot Misses the Net.
3:10 of 3rd period - Shot by Philip Tomasino.
3:10 of 3rd period - Stopped by Ilya Sorokin with a rebound.
3:17 of 3rd period - Kirill Marchenko is hit by Maxime Comtois.
3:52 of 3rd period - Christian Djoos is hit by J.T. Miller and loses puck.
4:06 of 3rd period - Shot by Artemi Panarin.
4:06 of 3rd period - Stopped by Ilya Sorokin with a rebound.
4:08 of 3rd period - Shot by Noah Dobson.
4:08 of 3rd period - Shot Hit the Post.
4:10 of 3rd period - Shot by Anze Kopitar.
4:10 of 3rd period - Shot Misses the Net.
4:40 of 3rd period - Alex Kerfoot is hit by Adam Ruzicka and loses puck.
4:42 of 3rd period - Minor Penalty to Nick Seeler for Holding.
4:43 of 3rd period - Claude Giroux wins face-off versus Alex Kerfoot in LAS VEGAS Golden Knights zone.
5:36 of 3rd period - Shot by Noah Dobson.
5:36 of 3rd period - Stopped by Ilya Sorokin with a rebound.
6:18 of 3rd period - Shot by Oliver Kylington.
6:18 of 3rd period - Stopped by Ilya Sorokin without a rebound.
6:19 of 3rd period - Claude Giroux wins face-off versus J.T. Miller in LAS VEGAS Golden Knights zone.
6:45 of 3rd period - Philip Tomasino is hit by Nick Seeler and loses puck.
6:48 of 3rd period - Shot by Maxime Comtois.
6:48 of 3rd period - Shot Blocked by Philip Kurashev.
6:50 of 3rd period - Shot by Philip Tomasino.
6:50 of 3rd period - Stopped by Ilya Sorokin without a rebound.
6:51 of 3rd period - Kirill Marchenko wins face-off versus Philip Tomasino in LAS VEGAS Golden Knights zone.
7:01 of 3rd period - Shot by Martin Frk.
7:01 of 3rd period - Shot Blocked by Filip Hronek.
7:03 of 3rd period - Shot by Noah Dobson.
7:03 of 3rd period - Shot Misses the Net.
7:05 of 3rd period - Shot by Martin Frk.
7:05 of 3rd period - Shot Misses the Net.
7:07 of 3rd period - Shot by Maxime Comtois.
7:07 of 3rd period - Shot Misses the Net.
7:46 of 3rd period - Icing by Brenden Dillon.
7:47 of 3rd period - Alexander Wennberg wins face-off versus Ryan Nugent-Hopkins in COLORADO Avalanche zone.
8:09 of 3rd period - Icing by Nikita Tryamkin.
8:10 of 3rd period - Alexander Wennberg wins face-off versus Alex Kerfoot in COLORADO Avalanche zone.
8:39 of 3rd period - Shot by Alex Kerfoot.
8:39 of 3rd period - Shot Misses the Net.
9:07 of 3rd period - Shot by Johnny Gaudreau.
9:07 of 3rd period - Shot Blocked by Vladislav Gavrikov.
9:09 of 3rd period - Shot by Anthony Mantha.
9:09 of 3rd period - Stopped by Ilya Sorokin without a rebound.
9:10 of 3rd period - Philip Tomasino wins face-off versus Ryan Nugent-Hopkins in LAS VEGAS Golden Knights zone.
9:29 of 3rd period - Shot by Martin Frk.
9:29 of 3rd period - Stopped by Ilya Sorokin without a rebound.
9:30 of 3rd period - Claude Giroux wins face-off versus Philip Kurashev in LAS VEGAS Golden Knights zone.
9:33 of 3rd period - Shot by Johnny Gaudreau.
9:33 of 3rd period - Shot Misses the Net.
9:35 of 3rd period - Shot by Oliver Kylington.
9:35 of 3rd period - Shot Blocked by Nick Seeler.
9:37 of 3rd period - Shot by Oliver Kylington.
9:37 of 3rd period - Stopped by Ilya Sorokin with a rebound.
10:00 of 3rd period - Filip Hronek is hit by Claude Giroux and loses puck.
10:48 of 3rd period - Shot by Pavel Zacha.
10:48 of 3rd period - Stopped by Braden Holtby with a rebound.
10:53 of 3rd period - J.T. Miller is hit by Noah Dobson and loses puck.
10:56 of 3rd period - Shot by Ryan Nugent-Hopkins.
10:56 of 3rd period - Shot Misses the Net.
11:13 of 3rd period - Pavel Zacha is hit by Artemi Panarin and loses puck.
11:40 of 3rd period - Minor Penalty to Nikita Tryamkin for Tripping.
11:40 of 3rd period - Minor Penalty to Luke Kunin for Holding.
11:41 of 3rd period - Johnny Gaudreau wins face-off versus Ryan Nugent-Hopkins in COLORADO Avalanche zone.
11:50 of 3rd period - Shot by Claude Giroux.
11:50 of 3rd period - Shot Blocked by Brady Skjei.
11:52 of 3rd period - Shot by Johnny Gaudreau.
11:52 of 3rd period - Shot Misses the Net.
12:24 of 3rd period - Shot by Claude Giroux.
12:24 of 3rd period - Stopped by Ilya Sorokin with a rebound.
12:41 of 3rd period - Icing by Oliver Kylington.
12:42 of 3rd period - Adam Ruzicka wins face-off versus J.T. Miller in COLORADO Avalanche zone.
13:07 of 3rd period - Shot by Adam Ruzicka.
13:07 of 3rd period - Shot Misses the Net.
13:20 of 3rd period - Philip Tomasino is hit by Nikita Zaitsev and loses puck.
14:08 of 3rd period - Off-side.
14:09 of 3rd period - Claude Giroux wins face-off versus Alex Kerfoot in neutral zone.
14:27 of 3rd period - Shot by Luke Kunin.
14:27 of 3rd period - Shot Misses the Net.
14:41 of 3rd period - Alex Kerfoot is hit by Anthony Mantha and loses puck.
14:50 of 3rd period - Jeff Petry is hit by Alex Galchenyuk and loses puck.
15:29 of 3rd period - Shot by Artemi Panarin.
15:29 of 3rd period - Shot Misses the Net.
15:31 of 3rd period - Shot by Brenden Dillon.
15:31 of 3rd period - Stopped by Ilya Sorokin without a rebound.
15:32 of 3rd period - Philip Tomasino wins face-off versus Ryan Nugent-Hopkins in LAS VEGAS Golden Knights zone.
15:32 of 3rd period - Philip Tomasino is hit by Jakub Zboril.
15:52 of 3rd period - Shot by Pavel Zacha.
15:52 of 3rd period - Stopped by Braden Holtby without a rebound.
15:53 of 3rd period - Anze Kopitar wins face-off versus Artem Anisimov in COLORADO Avalanche zone.
16:02 of 3rd period - Shot by Artemi Panarin.
16:02 of 3rd period - Shot Misses the Net.
17:16 of 3rd period - Shot by Ryan Nugent-Hopkins.
17:16 of 3rd period - Stopped by Braden Holtby without a rebound.
17:17 of 3rd period - Luke Kunin wins face-off versus Philip Tomasino in COLORADO Avalanche zone.
17:17 of 3rd period - Alex Kerfoot is hit by Jeff Petry and loses puck.
17:30 of 3rd period - Shot by Philip Tomasino.
17:30 of 3rd period - Stopped by Ilya Sorokin without a rebound.
17:31 of 3rd period - Alexander Wennberg wins face-off versus Philip Kurashev in LAS VEGAS Golden Knights zone.
17:31 of 3rd period - Artemi Panarin is hit by Jakub Zboril.
17:46 of 3rd period - Brady Skjei is hit by Anze Kopitar.
17:51 of 3rd period - Alexander Wennberg is hit by Jakub Zboril.
17:59 of 3rd period - Shot by Alexander Wennberg.
17:59 of 3rd period - Stopped by Ilya Sorokin without a rebound.
18:00 of 3rd period - Ryan Nugent-Hopkins wins face-off versus Claude Giroux in LAS VEGAS Golden Knights zone.
18:21 of 3rd period - Shot by Johnny Gaudreau.
18:21 of 3rd period - Stopped by Ilya Sorokin without a rebound.
18:22 of 3rd period - Alex Kerfoot wins face-off versus Philip Tomasino in LAS VEGAS Golden Knights zone.
18:35 of 3rd period - Shot by Nick Seeler.
18:35 of 3rd period - Stopped by Braden Holtby without a rebound.
18:36 of 3rd period - Claude Giroux wins face-off versus Ryan Nugent-Hopkins in COLORADO Avalanche zone.
18:47 of 3rd period - Shot by Pavel Zacha.
18:47 of 3rd period - Stopped by Braden Holtby without a rebound.
18:48 of 3rd period - Anze Kopitar wins face-off versus Alex Kerfoot in COLORADO Avalanche zone.
18:53 of 3rd period - Filip Hronek is hit by Alexander Wennberg and loses puck.
19:12 of 3rd period - Shot by Alex Kerfoot.
19:12 of 3rd period - Stopped by Braden Holtby without a rebound.
19:13 of 3rd period - Claude Giroux wins face-off versus Alex Kerfoot in COLORADO Avalanche zone.
19:13 of 3rd period - Claude Giroux is hit by Luke Kunin.
19:24 of 3rd period - COLORADO Avalanche , Braden Holtby is pulled from the net.
19:32 of 3rd period - Shot by Johnny Gaudreau.
19:32 of 3rd period - Stopped by Ilya Sorokin without a rebound.
19:33 of 3rd period - Claude Giroux wins face-off versus Alex Kerfoot in LAS VEGAS Golden Knights zone.
Goals for this period are 0 for LAS VEGAS Golden Knights vs 0 for COLORADO Avalanche .
Shots for this period are 6 for LAS VEGAS Golden Knights vs 16 for COLORADO Avalanche .